 Dungeon Crawl Stone Soup version 0.19.1 (webtiles) character file.

140 Dfrag the Firebug (level 5, 0/35 HPs)
             Began as a Demonspawn Fire Elementalist on Nov 29, 2016.
             Slain by an adder (2 damage)
             ... on level 2 of the Dungeon.
             The game lasted 00:02:00 (2570 turns).

Dfrag the Firebug (Demonspawn Fire Elementalist)    Turns: 2570, Time: 00:02:00

Health: 0/35       AC:  2    Str:  8    XL:     5   Next: 2%
Magic:  1/9        EV: 12    Int: 18    God:
Gold:   145        SH:  0    Dex: 13    Spells: 1 memorised, 9 levels left

rFire  . . .     SeeInvis .     g - +2 whip (flame)
rCold  . . .     Gourm    .     a - +0 robe
rNeg   . . .     Faith    .     (no shield)
rPois  .         Spirit   .     (helmet restricted)
rElec  .         Reflect  .     (no cloak)
rCorr  .         Harm     .     (no gloves)
MR     .....                    (no boots)
Stlth  ++........               (no amulet)
                                (no ring)
                                (no ring)

@: lethally poisoned (0 -> -7), very slightly contaminated
A: antennae 1, demonic guardian 1
a: no special abilities


You were on level 2 of the Dungeon.
You were very hungry.

You visited 1 branch of the dungeon, and saw 3 of its levels.

You collected 145 gold pieces.

Inventory:

Hand Weapons
 g - a +2 whip of flaming (weapon)
Armour
 a - a +0 robe (worn)
Jewellery
 u - an uncursed amulet of regeneration {unknown}
Wands
 p - a wand of digging (4/24)
 y - a wand of polymorph (2/24)
Scrolls
 e - a scroll of enchant armour {unknown}
 f - a scroll of immolation {unknown}
 l - 5 scrolls of identify {unknown}
 m - a scroll of random uselessness {unknown}
 n - a scroll of recharging {unknown}
 r - 2 scrolls of magic mapping {unknown}
 x - a scroll of amnesia {unknown}
Potions
 d - 3 potions of degeneration {unknown}
 h - a potion of agility {unknown}
 j - 3 potions of haste {unknown}
 k - 2 potions of lignification {unknown}
 o - a potion of curing {unknown}
 q - 2 potions of might
 t - a potion of mutation {unknown}
 v - 2 potions of brilliance {unknown}
Books
 b - a book of Flames

   Spells                             Type                      Level
   a - Flame Tongue                   Conjuration/Fire             1
   b - Throw Flame                    Conjuration/Fire             2
   c - Conjure Flame                  Conjuration/Fire             3
   d - Inner Flame                    Hexes/Fire                   3
   e - Sticky Flame                   Conjuration/Fire             4
   f - Fireball                       Conjuration/Fire             5
Comestibles
 c - 3 bread rations
 i - a royal jelly
 s - 2 meat rations
 w - 3 fruits
 z - 3 chunks of flesh


   Skills:
 - Level 1.7 Dodging
 - Level 1.7 Stealth
 + Level 3.0 Spellcasting
 + Level 2.8 Conjurations
 + Level 3.9 Fire Magic


You had 9 spell levels left.
You knew the following spells:

 Your Spells              Type           Power        Failure   Level  Hunger
a - Flame Tongue          Conj/Fire      ##...        4%          1    None


Dungeon Overview and Level Annotations

Branches:
Dungeon (3/15)

Altars:
Ru
Uskayaw


Innate Abilities, Weirdness & Mutations

You have a pair of small antennae on your head.
A weak demonic guardian rushes to your aid.


Message History

You are more poisoned.
The adder poisons you! The adder bites you.
* * * LOW HITPOINT WARNING * * *
You are lethally poisoned!
The adder poisons you!
Casting: Flame Tongue
Confirm with . or Enter, or press ? or * to list all spells.
You don't have enough magic to cast that spell.
Unknown command.
You hit the adder. You burn the adder.
The adder is lightly wounded.
* * * LOW HITPOINT WARNING * * *
You feel sick. The adder bites you.
* * * LOW HITPOINT WARNING * * *
You miss the adder.
The adder is lightly wounded.
The adder bites you.
* * * LOW HITPOINT WARNING * * *
The adder bites you.
You die...

.##.......#.##...#
####'#########
.'..........##...######'####
#
.#...............##........#
#
##...#...........##........#
# #...#..........[##........#
# #...#...........##........#
# #...#...........##........#
#
##...####'##..#####........#
#
.+...'..........@S...>รท...##
# ##...####.##..#######[....#
# #...# #.###.#.......##### #
##### #.# #.#.......# # ##
#.# #.........# # .## #.#
#.........# # ..##
#.###.........# # ...#
#.............###########
...#
######..).....#..........


You could see an adder.

Vanquished Creatures
  An orc wizard (D:3)
  3 adders
  2 oozes
  2 worms
  2 dart slugs
  A leopard gecko (D:1)
  3 orcs (D:2)
  2 ball pythons (D:3)
  7 bats
  11 giant cockroaches
  3 goblins
  7 hobgoblins
  2 jackals (D:1)
  4 kobolds
  2 quokkas
  2 frilled lizards
  4 rats
58 creatures vanquished.

Notes
Turn   | Place    | Note
-------+----------+-------------------------------------------
     0 | D:1      | Dfrag the Demonspawn Fire Elementalist began the quest for the Orb.
     0 | D:1      | Reached XP level 1. HP: 13/13 MP: 3/3
    64 | D:1      | Gained mutation: You have a pair of small antennae on your head. [demonic ancestry]
    64 | D:1      | Reached XP level 2. HP: 5/19 MP: 1/5
   864 | D:2      | Reached XP level 3. HP: 9/24 MP: 6/6
  1445 | D:2      | Reached XP level 4. HP: 19/30 MP: 7/7
  2125 | D:3      | Found a hide-covered altar of Uskayaw.
  2194 | D:3      | Found a faded altar of an unknown god.
  2210 | D:3      | Found a sacrificial altar of Ru.
  2553 | D:2      | Gained mutation: A weak demonic guardian rushes to your aid. [demonic ancestry]
  2553 | D:2      | Reached XP level 5. HP: 25/35 MP: 0/9
  2570 | D:2      | Slain by an adder

Skill      XL: |  1  2  3  4  5 |
---------------+----------------+-----
Fire Magic     | 3 |  3.9
Conjurations   | 2 |  2.8
Spellcasting   | 3 |  3.0
Dodging        | |  1.7
Stealth        | |  1.7

Action                   |  1- 3 |  4- 6 || total
-------------------------+-------+-------++-------
Melee: Whip              |   108 |    80 ||   188
 Cast: Flame Tongue      |     3 |    11 ||    14
 Stab: Sleeping          |     3 |     3 ||     6
       Paralysed         |       |     2 ||     2
  Eat: Chunk             |     1 |     3 ||     4
Armor: Robe              |    35 |    16 ||    51
Dodge: Dodged            |   100 |    70 ||   170
